 Dungeon Crawl Stone Soup version 0.26-a0-651-gb41185065b (webtiles) character file.

Game seed: 11037762308051325121

3252 Lanoc the Frost Mage (level 9, -2/57 HPs)
             Began as a Demonspawn Ice Elementalist on Oct 2, 2020.
             Was a Priest of Sif Muna.
             Slain by a wyvern (14 damage)
             ... on level 7 of the Dungeon.
             The game lasted 00:11:25 (7809 turns).

Lanoc the Frost Mage (Demonspawn Ice Elementalist)  Turns: 7809, Time: 00:11:25

Health: -2/57      AC:  7    Str:  8    XL:     9   Next: 67%
Magic:  12/12      EV: 16    Int: 19    God:    Sif Muna [***...]
Gold:   331        SH:  0    Dex: 13    Spells: 5/12 levels left

rFire    . . .     SeeInvis .   a - +4 quarterstaff (chaos)
rCold    . . .     Faith    .   (shield currently unavailable)
rNeg     . . .     Spirit   .   t - +0 robe
rPois    .         Reflect  .   (no helmet)
rElec    .         Harm     .   l - +2 cloak
rCorr    .         Rampage  .   (no gloves)
MR       .....     Clarity  +   (boots unavailable)
Stlth    ++........             x - amulet of regeneration (curse)
HPRegen  0.59/turn              z - ring of wizardry
MPRegen  0.13/turn              (no ring)

@: lightly drained
A: talons 3, slimy green scales 1, clarity, dopey 1, powered by pain 1, spiny 1
a: Channel Magic, Forget Spell, Renounce Religion


You were on level 7 of the Dungeon.
You worshipped Sif Muna.
Sif Muna was most pleased with you.
You visited 2 branches of the dungeon, and saw 8 of its levels.
You also visited: Ossuary.

You collected 331 gold pieces.

Inventory:

Hand Weapons
 a - a +4 quarterstaff of chaos (weapon)
Armour
 l - a +2 cloak (worn)
 t - a +0 robe (worn)
Jewellery
 x - a cursed amulet of regeneration (around neck)
 z - a ring of wizardry (left hand)
Wands
 w - a wand of flame (14)
Scrolls
 c - 2 scrolls of magic mapping {unknown}
 d - 2 scrolls of enchant armour {unknown}
 e - a scroll of random uselessness {unknown}
 f - 5 scrolls of teleportation {unknown}
 i - 2 scrolls of amnesia {unknown}
 j - 10 scrolls of identify {unknown}
 k - 6 scrolls of remove curse {unknown}
 p - a scroll of immolation {unknown}
 q - 2 scrolls of fog {unknown}
 r - a scroll of noise {unknown}
 s - a scroll of blinking {unknown}
 v - a scroll of torment {unknown}
 y - a scroll of fear {unknown}
Potions
 b - 2 potions of mutation
 g - 5 potions of degeneration {unknown}
 h - 3 potions of flight
 m - 4 potions of curing
 n - a potion of resistance {unknown}
 o - 3 potions of haste
 u - a potion of berserk rage {unknown}
 A - a potion of heal wounds


   Skills:
 + Level 7.4(6.8) Dodging
 - Level 1.7(1.2) Stealth
 - Level 2.0(1.4) Spellcasting
 * Level 10.8(10.1) Ice Magic


You had 5 spell levels left.
You knew the following spells:

 Your Spells              Type           Power        Failure   Level
a - Freeze                Ice            ####         1%          1
b - Frozen Ramparts       Ice            #####.       1%          3
c - Ozocubu's Armour      Ice            #####...     1%          3

Your spell library contained the following spells:

 Spells                   Type           Power        Failure   Level
 Magic Dart               Conj           #...         8%          1
 Hailstorm                Conj/Ice       ###.....     9%          4
 Summon Ice Beast         Ice/Summ       ###.....     9%          4
 Blink                    Tloc           N/A          11%         2
 Call Imp                 Summ           #.......     11%         2
 Slow                     Hex            #.......     11%         2
 Conjure Flame            Conj/Fire      #.......     21%         3
 Mephitic Cloud           Conj/Pois/Air  #.......     21%         3


Dungeon Overview and Level Annotations

Branches:
Dungeon (7/15)             Temple (1/1) D:4         Ossuary (visited)

Altars:
Ashenzari
Dithmenos
Elyvilon
Fedhas
Hepliaklqana
Qazlal
Sif Muna
Uskayaw
Yredelemnul
Zin
The Shining One


Innate Abilities, Weirdness & Mutations

You have claws for feet.
You are partially covered in slimy green scales. (AC +2)
You sometimes gain a little power by taking damage.
You are partially covered in sharp spines.
You possess an exceptional clarity of mind.
You are dopey. (Int -2)


Message History

The wyvern is lightly wounded.
The wyvern bites you. The wyvern is struck by your spines.
The wyvern bites you!
You hit the wyvern but do no damage. Your kick misses the wyvern.
The wyvern is moderately wounded.
The wyvern bites you.
The wyvern hisses menacingly.
The wyvern bites you but does no damage.
You hit the wyvern. You freeze the wyvern. Your kick misses the wyvern.
The wyvern is heavily wounded.
The wyvern bites you! The wyvern is struck by your spines.
The wyvern misses you.
You are too injured to fight recklessly!
You are too injured to fight recklessly!
You barely miss the wyvern.
The wyvern is severely wounded.
The wyvern bites you!
* * * LOW HITPOINT WARNING * * *
The wyvern is struck by your spines. The wyvern bites you!
You die...

###.....#########......##
#...............#......#
#.#.....#######.#......#
#........<).#.########
#.........#.#.# ####
##.#.######.#.######...
#.#........#.....##...
##.##########.....##...
#....l@...........##...
#.....########....##...
....... ..........)..
##..... #############
#..... # #..... # ######
# # #####


You could see a wyvern.

Vanquished Creatures
  Pikel (D:7)
  Prince Ribbit (D:6)
  A sky beast (D:5)
  A phantom (D:4)
  A black bear (D:3)
  3 ice beasts
  An ogre (D:5)
  3 centaurs
  2 lemures (D:7)
  Blork the orc (D:6)
  2 elf zombies (Ossuary)
  A bullfrog (D:6)
  A wyvern zombie (D:7)
  4 scorpions
  4 wights (D:7)
  2 centaur zombies
  3 bullfrog zombies
  A centaur skeleton (D:6)
  A hound (D:6)
  2 jellies
  2 orc priests
  Crazy Yiuf (D:4)
  3 orc wizards
  An iguana (D:4)
  6 worker ants
  2 big kobold zombies (Ossuary)
  3 hound zombies
  3 mummies
  6 gnolls
  6 adders
  A shadow imp (D:5)
  3 white imps
  An ufetubus (D:5)
  An adder skeleton (D:5)
  A worm (D:4)
  A dart slug (D:1)
  4 leopard geckos
  20 orcs
  A ball python (D:5)
  4 giant cockroaches
  4 goblins
  A hobgoblin (D:2)
  3 jackals (D:4)
  3 quokkas
  3 bats
  2 frilled lizards
  2 goblin zombies (Ossuary)
  7 hobgoblin zombies
  2 jackal zombies (Ossuary)
  4 kobolds
  16 kobold zombies
  A leopard gecko skeleton (D:5)
  7 orc zombies (Ossuary)
  A quokka skeleton (D:7)
  2 rats
164 creatures vanquished.

Vanquished Creatures (others)
  5 plants (D:3)
  A withered plant (D:4)
6 creatures vanquished.

Grand Total: 170 creatures vanquished

Notes
Turn   | Place    | Note
-------+----------+-------------------------------------------
     0 | D:1      | Lanoc the Demonspawn Ice Elementalist began the quest for
                  | the Orb.
     0 | D:1      | Reached XP level 1. HP: 13/13 MP: 3/3
   313 | D:1      | Gained mutation: You have sharp toenails. [demonic
                  | ancestry]
   313 | D:1      | Reached XP level 2. HP: 19/19 MP: 0/5
   391 | D:1      | Reached skill level 4 in Ice Magic
   605 | D:2      | Found a white marble altar of Elyvilon.
   666 | D:3      | Noticed a black bear
   710 | D:2      | Found a shimmering blue altar of Sif Muna.
   724 | D:2      | Became a worshipper of Sif Muna the Loreminder
  1305 | D:2      | Reached XP level 3. HP: 15/24 MP: 3/6
  1310 | D:2      | Learned a level 3 spell: Frozen Ramparts
  1557 | D:3      | Found a hide-covered altar of Uskayaw.
  1578 | D:3      | Killed a black bear
  1578 | D:3      | Reached skill level 5 in Ice Magic
  1578 | D:3      | Gained mutation: You are partially covered in slimy green
                  | scales. (AC +2) [demonic ancestry]
  1578 | D:3      | Reached XP level 4. HP: 19/30 MP: 1/7
  1578 | D:3      | Gained mutation: You are partially covered in sharp spines.
                  | [demonic ancestry]
  1578 | D:3      | Reached XP level 5. HP: 22/35 MP: 1/8
  1960 | D:3      | Found a broken altar of Ashenzari.
  2457 | D:4      | Found a sand-covered staircase.
  2494 | Ossuary  | Entered an ossuary
  2686 | Ossuary  | Reached * piety under Sif Muna
  2828 | Ossuary  | HP: 1/35 [mummy (19)]
  2830 | Ossuary  | Gained mutation: You are dopey. (Int -2) [potion of
                  | mutation]
  2830 | Ossuary  | Gained mutation: You possess an exceptional clarity of
                  | mind. [potion of mutation]
  2848 | Ossuary  | Reached skill level 6 in Ice Magic
  2848 | Ossuary  | Reached XP level 6. HP: 13/41 MP: 0/9
  3653 | D:4      | Found a staircase to the Ecumenical Temple.
  3698 | Temple   | Entered the Ecumenical Temple
  3705 | D:4      | Gained mutation: You sometimes gain a little power by
                  | taking damage. [demonic ancestry]
  3705 | D:4      | Reached XP level 7. HP: 35/46 MP: 6/10
  3781 | D:4      | Found a basalt altar of Yredelemnul.
  3785 | D:4      | Reached ** piety under Sif Muna
  3886 | D:4      | Found a runed translucent door.
  3892 | D:4      | Noticed Crazy Yiuf
  4228 | D:4      | Reached skill level 7 in Ice Magic
  4718 | D:4      | Learned a level 3 spell: Ozocubu's Armour
  4859 | D:4      | Paralysed by Crazy Yiuf for 4 turns
  4860 | D:4      | Killed Crazy Yiuf
  4897 | D:5      | Entered Level 5 of the Dungeon
  5207 | D:5      | Reached skill level 5 in Dodging
  5494 | D:5      | Gained mutation: You have razor-sharp toenails. [demonic
                  | ancestry]
  5494 | D:5      | Reached XP level 8. HP: 40/52 MP: 7/11
  5582 | D:5      | Reached skill level 8 in Ice Magic
  6431 | D:6      | Noticed Prince Ribbit
  6443 | D:6      | Noticed Blork the orc
  6452 | D:6      | Killed Blork the orc
  6575 | D:6      | Reached *** piety under Sif Muna
  6575 | D:6      | Reached skill level 9 in Ice Magic
  6629 | D:6      | Killed Prince Ribbit
  6717 | D:6      | Found a hazy altar of Hepliaklqana.
  6922 | D:6      | Gained mutation: You have claws for feet. [demonic
                  | ancestry]
  6922 | D:6      | Reached XP level 9. HP: 57/57 MP: 8/12
  7338 | D:7      | Noticed Pikel
  7352 | D:7      | Killed Pikel
  7352 | D:7      | Reached skill level 10 in Ice Magic
  7463 | D:7      | Found a glowing golden altar of the Shining One.
  7518 | D:7      | Found a blossoming altar of Fedhas.
  7519 | D:7      | Found a shadowy altar of Dithmenos.
  7809 | D:7      | Slain by a wyvern

Illustrated notes

Levels and vault maps discovered:
D:1:      dpeg_arrival_morbid_curiosity, layout_basic
D:2:      layout_loops_corners, lemuel_doored_altar, bloody_makhleb,
          old_standard_altar
D:3:      layout_basic, eat_drink_and_be_merry_uskayaw,
          ashenzari_conservatory_becter, serial_bayou_lake_a
D:4:      layout_layer_cave, yredelemnul_altar_generic, temple_fountains,
          nicolae_ossuary_entry_giza, uniq_crazy_yiuf_cottage
D:5:      layout_basic, minivault_11
D:6:      layout_basic, kennysheep_mini, serial_glass, glass_columns_b,
          glass_columns_c, corner_web_ring, uniq_prince_ribbit1,
          uniq_blork_the_orc
D:7:      layout_basic, gammafunk_temple_overflow_pools, lemuel_round_altar,
          uniq_pikel
Temple:   chequers_temple_sunken

Skill      XL: |  1  2  3  4  5  6  7  8  9 |
---------------+----------------------------+-----
Dodging        | 2 3 4 5 6 7 |  7.4
Ice Magic      | 4 5 6 7 9 10 | 10.8
Stealth        | |  1.7
Spellcasting   | |  2.0

Action                   |  1- 3 |  4- 6 |  7- 9 || total
-------------------------+-------+-------+-------++-------
Melee: Unarmed           |    16 |     1 |       ||    17
       Kick              |     1 |    25 |    35 ||    61
       Rapier            |       |   122 |    33 ||   155
       Quarterstaff      |       |       |   132 ||   132
 Cast: Freeze            |    27 |       |       ||    27
       Frozen Ramparts   |     3 |    25 |    41 ||    69
  Use: Potion            |     1 |     4 |     1 ||     6
 Stab: Sleeping          |       |     2 |     2 ||     4
       Distracted        |       |       |     1 ||     1
Armor: Robe              |     9 |    26 |    35 ||    70
Dodge: Dodged            |    24 |    74 |   145 ||   243

Table legend: (Time is in decaauts)
 A = Elapsed time spent in this place.
 B = Non-inter-level travel time spent in this place.
 C = Inter-level travel time spent in this place.
 D = Time resting spent in this place.
 E = Time spent auto-exploring this place.
 F = Levels seen in this place.
 G = Mean time per level.
                   A        B        C        D        E       F      G
               +--------+--------+--------+--------+--------+-----+--------+
         Total |   7888 |   7751 |    137 |     23 |   6429 |   9 |  876.4 |
       Dungeon |   6773 |   6636 |    137 |     23 |   5609 |   7 |  967.6 |
        Temple |      1 |      1 |      0 |      0 |      0 |   1 |    1.0 |
       Ossuary |   1113 |   1113 |      0 |      0 |    820 |   1 | 1113.0 |
               +--------+--------+--------+--------+--------+-----+--------+

Top non-repeatable levels by time:
     D:4: 1401 daAuts
     D:5: 1293 daAuts
 Ossuary: 1113 daAuts
     D:6: 1081 daAuts
     D:3: 1025 daAuts
     D:2: 841 daAuts
     D:7: 576 daAuts
     D:1: 555 daAuts
  Temple: 1 daAuts
